AoeStats
← Leão

Arabia

508082972Analyzed
1v1 RM · 11d ago on Sep 20, 2026· 46m 44s· 2 players
Game mode
Random Map
Map size
Tiny (2 player)
Population
200
Speed
Normal
Resources
Standard
Victory
Conquest
Starting age
Dark Age
Ending age
Imperial Age
RankedLock teamsTeams togetherTeam positionsShared explorationLock speedFull tech treeHidden civsTurbo modeCheats
Victory
Defeat
🇧🇷 Magyars · Brazil
1265
+15
🇧🇷 Ethiopians · Brazil
1244
-15
Nedzen
7:30 Loom
9:43 Feudal Age
10:16 Double-Bit Axe
12:12 Horse Collar
17:54 Fletching
18:04 Padded Archer Armor
23:50 Castle Age
23:58 Gold Mining
23:55 Crossbowman
24:41 Thumb Ring
24:32 Bodkin Arrow
24:53 Leather Archer Armor
26:54 Ballistics
26:57 Heavy Plow
27:09 Bow Saw
42:16 Imperial Age
41:02 Stone Mining
42:19 Arbalester
43:22 Bracer
45:49 Chemistry
46:30 Ring Archer Armor
Leão
6:41 Loom
9:33 Feudal Age
10:41 Double-Bit Axe
15:08 Fletching
21:54 Castle Age
20:01 Horse Collar
20:14 Gold Mining
20:35 Padded Archer Armor
21:13 Scale Barding Armor
21:44 Bloodlines
22:43 Husbandry
22:44 Bodkin Arrow
23:29 Bow Saw
26:27 Leather Archer Armor
28:39 Thumb Ring
30:01 Light Cavalry
32:05 Ballistics
36:38 Heavy Plow
37:15 Gold Shaft Mining
36:30 Stone Mining
40:04 Wheelbarrow
39:15 Town Watch
42:48 Imperial Age
41:40 Chain Barding Armor
42:24 Masonry
43:49 Hussar
44:31 Bracer
45:36 Two-Man Saw
45:14 Parthian Tactics
44:43 Heavy Cavalry Archer
46:19 Plate Barding Armor
46:53 Ring Archer Armor
47:32 Chemistry
Connection lost

Rejoining the realm…

Still unreachable

The connection could not be restored.

Session expired

The server has moved on; the page needs a fresh start.